 Dungeon Crawl Stone Soup version 0.28-a0-620-g539b0f7ac7 (webtiles) character file.

Game seed: 4925618398462956034

128 sleeves the Sneak (level 5, -6/63 HPs)
             Began as a Naga Enchanter on Oct 6, 2021.
             Mangled by a black bear (8 damage)
             ... on level 4 of the Dungeon.
             The game lasted 00:05:22 (3773 turns).

sleeves the Sneak (Naga Enchanter)                  Turns: 3773, Time: 00:05:22

Health: -6/63      AC:  2    Str: 10    XL:     5   Next: 12%
Magic:  0/8        EV: 10    Int: 16    God:
Gold:   125        SH:  0    Dex: 12    Spells: 6/8 levels left

rFire   . . .      SeeInvis +   a - +1 dagger
rCold   . . .      Faith    .   (no shield)
rNeg    . . .      Spirit   .   b - +0 robe
rPois   +          Reflect  .   (no helmet)
rElec   .          Harm     .   (no cloak)
rCorr   .          Rampage  .   (no gloves)
Will    .....                   (no barding)
Stlth   ..........              (no amulet)
HPRegen 0.20/turn               g - ring of flight
MPRegen 0.11/turn               (no ring)

@: berserking, attractive, flying, very slightly contaminated, invisible, quick
A: AC +1, large, see invisible, deformed body, poison resistance, slowness 2,
spit poison 1, naga tail 1
a: Spit Poison


You were on level 4 of the Dungeon.
You visited 1 branch of the dungeon, and saw 4 of its levels.

You collected 125 gold pieces.

Inventory:

Hand Weapons
 a - a +1 dagger (weapon)
Missiles
 e - 8 poisoned darts
 n - 6 curare-tipped darts
Armour
 b - a +0 robe (worn)
Jewellery
 g - a ring of flight (left hand)
   (You found it on level 1 of the Dungeon)
Wands
 l - a wand of acid (3)
   (You found it on level 3 of the Dungeon)
Scrolls
 d - 2 scrolls of identify {unknown}
 h - 2 scrolls of teleportation {unknown}
 j - a scroll of blinking {unknown}
 m - a scroll of fog {unknown}
 o - a scroll of magic mapping {unknown}
Potions
 f - a potion of attraction
 i - a potion of degeneration {unknown}
 p - a potion of heal wounds {unknown}


   Skills:
 + Level 3.3 Short Blades
 - Level 1.5 Dodging
 - Level 5.1 Stealth
 - Level 2.0 Spellcasting
 + Level 4.2 Hexes


You had 6 spell levels left.
You knew the following spells:

 Your Spells              Type           Power      Damage    Failure   Level
a - Ensorcelled Hibernat  Hex/Ice        16%        N/A       13%         2

Your spell library contained the following spells:

 Spells                   Type           Power      Damage    Failure   Level
 Confusing Touch          Hex            15%        N/A       11%         3
 Tukima's Dance           Hex            15%        N/A       11%         3
 Dazzling Flash           Conj/Hex       16%        N/A       26%         3


Dungeon Overview and Level Annotations

Branches:
Dungeon (4/15)
 Temple: D:4-7

Altars:
Makhleb


Innate Abilities, Weirdness & Mutations

Your serpentine skin is tough. (AC +1)
You have supernaturally acute eyesight. (SInv)
Armour fits poorly on your strangely shaped body.
Your system is resistant to poisons. (rPois)
You cover ground very slowly.
You can spit poison.
You have a snake-like lower body.


Message History

The kobold hits you with a +0 club.
You are too injured to fight recklessly!
You are too injured to fight recklessly!
You hit the kobold.
The kobold is heavily wounded.
The kobold completely misses you.
You miss the kobold.
The kobold is heavily wounded.
The kobold hits you with a +0 club. The ball python bites you.
* * * LOW HITPOINT WARNING * * *
You completely miss the kobold.
The kobold is heavily wounded.
The ball python bites you but does no damage.
The kobold hits you with a +0 club.
* * * LOW HITPOINT WARNING * * *
Press: ? - help, Shift-Dir - straight line, f - kobold
Aim: a kobold, wielding a +0 club and quivering stones (heavily wounded)
The splash of poison hits the kobold but does no damage.
The kobold is poisoned.
The kobold is heavily wounded.
The ball python bites you.
* * * LOW HITPOINT WARNING * * *
The kobold barely misses you. The ball python bites you.
* * * LOW HITPOINT WARNING * * *
You hit the kobold.
You kill the kobold!
The ball python closely misses you.
You barely miss the ball python. The ball python closely misses you.
You hit the ball python.
The ball python is severely wounded.
The ball python closely misses you.
You hit the ball python but do no damage.
The ball python is severely wounded.
The ball python closely misses you.
You hit the ball python.
You kill the ball python!
You have got your breath back.
Key pressed, stopping explore.
Things that are here:
a +0 club; a stone; a kobold skeleton
f - a smoky ruby potion
Found an escape hatch in the floor.
A hobgoblin comes into view.
A hobgoblin is nearby!
A hobgoblin is nearby!
There is an escape hatch in the floor here.
The hobgoblin shouts!
The hobgoblin barely misses you.
A rat comes into view.
The hobgoblin hits you.
You barely miss the hobgoblin. You hit the hobgoblin.
The hobgoblin is heavily wounded.
The hobgoblin barely misses you.
You closely miss the hobgoblin.
The hobgoblin is heavily wounded.
The hobgoblin hits you.
You are too injured to fight recklessly!
You are too injured to fight recklessly!
You are too injured to fight recklessly!
Press: ? - help, Shift-Dir - straight line, f - rat
Aim: a rat The splash of poison misses the rat.
The rat closely misses you. The hobgoblin barely misses you.
You hit the hobgoblin.
The hobgoblin is almost dead.
The rat barely misses you.
The hobgoblin hits you but does no damage.
You hit the hobgoblin.
You kill the hobgoblin!
The rat bites you.
You closely miss the rat. The rat bites you but does no damage.
You hit the rat.
You kill the rat!
You have got your breath back.
g - a ring of flight You fly up into the air.
g - a ring of flight (left hand)
You start resting.
HP restored.
You don't know any spells.
Memorise Ensorcelled Hibernation, consuming 2 spell levels and leaving 3?
You start memorising the spell.
You continue memorising. x2
You finish memorising.
Spell assigned to 'a'.
Okay, then.
A goblin comes into view. It is wielding a +0 dagger.
A goblin is nearby!
A goblin is nearby!
The helpless goblin fails to defend itself.
You impale the goblin!!
You kill the goblin!
No target in view!
Found a stone staircase leading down.
A kobold comes into view. It is wielding a +0 club.
A kobold is nearby!
A kobold is nearby!
The helpless kobold fails to defend itself.
You impale the kobold!!
You kill the kobold!
Things that are here:
a +0 club; 3 stones; a kobold corpse Key pressed, stopping explore.
A frilled lizard comes into view.
A frilled lizard is nearby!
A frilled lizard is nearby!
A frilled lizard is nearby!
A frilled lizard comes into view.
The frilled lizard hisses angrily.
The helpless frilled lizard fails to defend itself.
You impale the frilled lizard!!
You kill the frilled lizard!
The frilled lizard bites you.
You closely miss the frilled lizard. The frilled lizard closely misses you.
You hit the frilled lizard.
You kill the frilled lizard!
No target in view!
No target in view!
No target in view!
A giant cockroach comes into view.
A giant cockroach is nearby!
A giant cockroach is nearby!
A giant cockroach is nearby!
The giant cockroach bites you but does no damage.
You hit the giant cockroach.
The giant cockroach is severely wounded.
The giant cockroach bites you but does no damage.
You closely miss the giant cockroach.
The giant cockroach is severely wounded.
The giant cockroach bites you but does no damage.
You hit the giant cockroach but do no damage.
The giant cockroach is severely wounded.
The giant cockroach bites you.
You barely miss the giant cockroach.
The giant cockroach is heavily wounded.
The giant cockroach bites you.
A giant cockroach is nearby!
You barely miss the giant cockroach.
The giant cockroach is heavily wounded.
The giant cockroach barely misses you.
You closely miss the giant cockroach.
The giant cockroach is heavily wounded.
The giant cockroach closely misses you.
You barely miss the giant cockroach.
The giant cockroach is heavily wounded.
The giant cockroach closely misses you.
A giant cockroach is nearby!
You closely miss the giant cockroach.
The giant cockroach is heavily wounded.
The giant cockroach bites you but does no damage.
You barely miss the giant cockroach.
The giant cockroach is heavily wounded.
The giant cockroach barely misses you.
You hit the giant cockroach.
The giant cockroach is severely wounded.
The giant cockroach closely misses you. The giant cockroach bites you.
You barely miss the giant cockroach.
The giant cockroach is severely wounded.
The giant cockroach closely misses you.
You hit the giant cockroach but do no damage.
The giant cockroach is heavily wounded.
The giant cockroach bites you.
You barely miss the giant cockroach.
The giant cockroach is heavily wounded.
The giant cockroach bites you.
You barely miss the giant cockroach.
The giant cockroach is heavily wounded.
The giant cockroach bites you but does no damage.
You hit the giant cockroach.
You kill the giant cockroach!
Your Short Blades skill increases to level 2!
No target in view!
No target in view!
A rat comes into view.
Found a scale mail.
The rat moves out of view.
You see here a giant cockroach corpse.
A rat is nearby!
A rat is nearby!
A rat is nearby!
The rat closely misses you.
You closely miss the rat. The rat closely misses you.
You hit the rat.
You kill the rat!
No target in view!
No target in view!
As you open the door, it creaks loudly!
There is an open door here.
You reach down and open the door.
Found a faded altar of an unknown god.
There is an open door here.
You see here a giant cockroach corpse.
You see here 19 arrows.
There is a stone staircase leading down here.
Done exploring.
Done exploring.
No target in view!
No target in view!
Done exploring.
Done exploring.
Done exploring.
(D) Dungeon
Where to? (? - help)
There is a stone staircase leading down here.
You fly downwards.
Found 4 gold pieces.
There is a stone staircase leading up here.
There are monsters nearby!
Unknown command.
The kobold shouts!
The kobold throws a stone.
The stone completely misses you.
You hit the kobold but do no damage. The kobold hits you with a +0 dagger.
You hit the kobold.
You kill the kobold!
You hit the rat.
You kill the rat!
No target in view!
No target in view!
No target in view!
HP restored.
Things that are here:
a +0 dagger; 5 stones
There is a stone staircase leading up here.
Found a stone staircase leading up.
You now have 23 gold pieces (gained 4).
Found an escape hatch in the ceiling.
There is an escape hatch in the ceiling here.
Found an escape hatch in the floor.
Found 7 stones.
There is an escape hatch in the floor here.
You now have 34 gold pieces (gained 11).
A ball python comes into view.
A ball python is nearby!
A bat comes into view.
The helpless bat fails to defend itself.
You impale the bat!!
You kill the bat!
You have reached level 3!
Your experience leads to an increase in your attributes!
Increase (S)trength, (I)ntelligence, or (D)exterity?
You feel clever.
Your skin feels tougher.
The ball python hisses angrily.
You closely miss the ball python.
The ball python bites you but does no damage.
You hit the ball python.
The ball python is heavily wounded.
The ball python completely misses you.
You closely miss the ball python.
The ball python is heavily wounded.
The ball python closely misses you.
You closely miss the ball python.
The ball python is heavily wounded.
The ball python bites you.
You barely miss the ball python.
The ball python is moderately wounded.
The ball python barely misses you.
You closely miss the ball python.
The ball python is moderately wounded.
The ball python closely misses you.
You hit the ball python.
The ball python is heavily wounded.
The ball python bites you but does no damage.
You hit the ball python.
The ball python is severely wounded.
The ball python barely misses you.
A giant cockroach comes into view.
You closely miss the ball python.
The ball python is severely wounded.
The ball python bites you but does no damage. x2
You hit the ball python.
You kill the ball python!
No target in view!
No target in view!
No target in view!
An endoplasm comes into view.
The endoplasm moves out of view.
No target in view!
No target in view!
No target in view!
An endoplasm is nearby!
The endoplasm quivers.
You hit the endoplasm.
The endoplasm is heavily wounded.
The endoplasm closely misses you.
You hit the endoplasm but do no damage.
The endoplasm is heavily wounded.
The endoplasm hits you.
You hit the endoplasm.
The endoplasm is almost dead.
The endoplasm freezes you.
You are frozen.
You barely miss the endoplasm.
The endoplasm is almost dead.
The endoplasm freezes you.
You are frozen.
An endoplasm is nearby!
You hit the endoplasm.
You kill the endoplasm!
A bat comes into view.
Found a stone staircase leading down.
A bat is nearby!
The bat barely misses you. x2
You hit the bat but do no damage. The bat barely misses you.
You barely miss the bat. The bat hits you but does no damage.
A bat is nearby!
Found a spear.
The bat barely misses you. The bat hits you. The bat barely misses you.
You hit the bat.
The bat is heavily wounded.
The bat hits you but does no damage. The bat hits you.
You barely miss the bat.
The bat is heavily wounded.
The bat barely misses you.
You hit the bat but do no damage.
The bat is heavily wounded.
The bat hits you but does no damage. The bat hits you but does no damage.
The bat barely misses you. The bat hits you but does no damage.
You hit the bat but do no damage.
The bat is heavily wounded.
The bat hits you.
You hit the bat.
The bat is heavily wounded.
The bat barely misses you. The bat hits you but does no damage.
You hit the bat but do no damage.
The bat is moderately wounded.
The bat hits you but does no damage. The bat barely misses you.
The bat closely misses you. The bat hits you but does no damage.
The bat completely misses you. The bat hits you.
You closely miss the bat.
The bat is moderately wounded.
The bat hits you but does no damage.
You closely miss the bat.
The bat is moderately wounded.
The bat closely misses you. The bat hits you but does no damage.
The bat misses you.
You hit the bat.
You kill the bat!
No target in view!
No target in view!
No target in view!
No target in view!
Unknown command.
No target in view!
No target in view!
No target in view!
h - a scroll labelled HOAROO BOYJERR
Found a stone staircase leading down.
You see here 7 stones.
There is an escape hatch in the floor here.
Found 28 bolts.
You see here 28 bolts.
You now have 42 gold pieces (gained 8).
i - a fizzy emerald potion A hobgoblin comes into view.
Found 15 gold pieces.
A rat comes into view.
Found 25 bolts.
The helpless hobgoblin fails to defend itself.
You impale the hobgoblin!!
You kill the hobgoblin!
The rat barely misses you.
You barely miss the rat. The rat barely misses you.
You closely miss the rat. The rat bites you but does no damage.
You hit the rat.
The rat is severely wounded.
The rat bites you.
You hit the rat.
You kill the rat!
No target in view!
No target in view!
You now have 57 gold pieces (gained 15).
You see here a rat corpse.
An adder comes into view.
An adder is nearby!
An adder is nearby!
Found a mace.
A kobold comes into view. It is wielding a +0 dagger.
The kobold shouts!
The kobold barely misses you.
You hit the kobold.
The kobold is heavily wounded.
The kobold barely misses you.
You hit the kobold.
The kobold is severely wounded.
The kobold hits you but does no damage.
The adder hisses angrily.
You hit the kobold.
You kill the kobold!
No target in view!
Things that are here:
a +0 dagger; 5 stones; a kobold corpse
Found 20 arrows.
An adder is nearby!
The adder bites you.
You throw a poisoned dart.
The poisoned dart closely misses the adder.
The adder closely misses you.
The adder resists with some effort.
The adder bites you.
You miscast Ensorcelled Hibernation.
You are very lightly contaminated with residual magic.
Nothing appears to happen.
The adder bites you. The adder barely misses you.
The adder resists with some effort.
* * * LOW MAGIC WARNING * * *
The adder barely misses you.
Throw: 9 darts (poison)
Press: ? - help, Q - select action, (/) - cycle Shift-Dir - straight line, f/p - adder
Aim: an adder (32% to hit)
You throw a poisoned dart. The poisoned dart hits the adder.
The adder bites you.
Press: ? - help, Shift-Dir - straight line, f/p - adder
Aim: an adder The splash of poison misses the adder.
The adder bites you but does no damage. The adder bites you.
Throw: 8 darts (poison)
Press: ? - help, Q - select action, (/) - cycle Shift-Dir - straight line, f/p - adder
Aim: an adder (32% to hit)
You throw a poisoned dart. The poisoned dart hits the adder.
The adder barely misses you.
Throw: 7 darts (poison)
Press: ? - help, Q - select action, (/) - cycle Shift-Dir - straight line, f/p - adder
Aim: an adder (32% to hit)
You throw a poisoned dart. The poisoned dart hits the adder.
The adder is poisoned.
You have got your breath back.
The adder bites you.
* * * LOW HITPOINT WARNING * * *
Throw: 6 darts (poison)
Press: ? - help, Q - select action, (/) - cycle Shift-Dir - straight line, f/p - adder
Aim: an adder (poisoned, 32% to hit)
You throw a poisoned dart.
The poisoned dart closely misses the adder.
The adder barely misses you. The adder bites you.
* * * LOW HITPOINT WARNING * * *
Throw: 5 darts (poison)
Press: ? - help, Q - select action, (/) - cycle Shift-Dir - straight line, f/p - adder
Aim: an adder (poisoned, 32% to hit)
You throw a poisoned dart.
The poisoned dart closely misses the adder.
The adder bites you.
* * * LOW HITPOINT WARNING * * *
Throw: 4 darts (poison)
Press: ? - help, Q - select action, (/) - cycle Shift-Dir - straight line, f/p - adder
Aim: an adder (poisoned, 32% to hit)
You throw a poisoned dart. The poisoned dart hits the adder.
The adder looks even sicker.
The adder bites you.
* * * LOW HITPOINT WARNING * * *
You closely miss the adder.
The adder is lightly wounded.
The adder bites you.
* * * LOW HITPOINT WARNING * * *
Your magical contamination has completely faded away.
You hit the adder.
The adder is heavily wounded.
The adder bites you but does no damage.
You hit the adder.
The adder is severely wounded.
The adder barely misses you. The adder bites you.
* * * LOW HITPOINT WARNING * * *
You hit the adder but do no damage.
The adder is almost dead.
The adder bites you.
* * * LOW HITPOINT WARNING * * *
You hit the adder.
You kill the adder!
A giant cockroach comes into view.
e - 7 poisoned darts (gained 4)
Things that are here:
a +0 dagger; 5 stones; a kobold corpse
e - 9 poisoned darts (gained 2)
You see here a rat corpse.
You start resting.
Magic restored.
You start resting.
A giant cockroach is nearby!
You start resting.
A giant cockroach is nearby!
You start resting.
A giant cockroach is nearby!
You hit the giant cockroach.
You kill the giant cockroach!
HP restored.
Found a stone staircase leading up.
There is a stone staircase leading up here.
Found a burning altar of Makhleb.
A rat comes into view.
A rat is nearby!
Found a ring mail.
The helpless rat fails to defend itself.
You impale the rat!!
You kill the rat!
You see here a rat corpse.
You see here a rat corpse.
You now have 64 gold pieces (gained 7).
Things that are here:
a +0 dagger; 5 stones
Found a mace.
You see here a +0 mace.
You see here a +0 mace.
Found a club.
A giant cockroach is nearby!
A giant cockroach is nearby!
You see here a +0 spear.
A giant cockroach is nearby!
No target in view!
No target in view!
No target in view!
No target in view!
No target in view!
No target in view!
A giant cockroach is nearby!
You closely miss the giant cockroach. The giant cockroach closely misses you.
The giant cockroach bites you.
You hit the giant cockroach.
You kill the giant cockroach!
No target in view!
No target in view!
You see here a +0 spear.
You see here a +0 club.
You see here a +0 club.
Things that are here:
a +0 dagger; 5 stones
Things that are here:
a +0 dagger; 5 stones A bat comes into view.
A bat is nearby!
A bat is nearby!
A bat is nearby!
A kobold comes into view. It is wielding a +0 club.
Found a stone staircase leading down.
The bat closely misses you. The bat hits you but does no damage. x2
You hit the bat but do no damage. The bat hits you but does no damage. x2
You hit the bat.
The bat is severely wounded.
The bat closely misses you.
You closely miss the bat.
The bat is severely wounded.
The bat hits you but does no damage.
You hit the bat.
You kill the bat!
The kobold shouts!
The kobold hits you with a +0 club.
You closely miss the kobold. The kobold hits you with a +0 club.
You miss the kobold. The kobold barely misses you.
You hit the kobold.
You kill the kobold!
No target in view!
No target in view!
No target in view!
No target in view!
No target in view!
No target in view!
No target in view!
No target in view!
No target in view!
No target in view!
No target in view!
No target in view!
No target in view!
Things that are here:
a +0 club; 5 stones; a kobold corpse
There is a stone staircase leading down here.
Done exploring.
Done exploring.
Done exploring.
No target in view!
Done exploring.
Done exploring.
Done exploring.
Done exploring.
(D) Dungeon
Where to? (Enter - D:2, ? - help)
There is a stone staircase leading down here.
You fly downwards.
There is a stone staircase leading up here.
Found 25 stones.
Found a stone staircase leading down.
You reach down and open the door.
A goblin comes into view. It is wielding a +0 club.
A goblin is nearby!
There is an open door here.
The helpless goblin fails to defend itself.
You impale the goblin!!
You kill the goblin!
No target in view!
You see here a +0 club.
You reach down and open the door.
A giant cockroach comes into view.
Found four items.
A giant cockroach is nearby!
A giant cockroach is nearby!
A giant cockroach is nearby!
An orc comes into view. It is wielding a +0 flail.
Found 11 gold pieces.
There is an open door here.
The helpless orc fails to defend itself.
You impale the orc!!
You kill the orc!
You see here a scroll labelled MOMIF LYECH.
The giant cockroach bites you but does no damage.
The giant cockroach misses you.
You hit the giant cockroach.
The giant cockroach is moderately wounded.
The giant cockroach barely misses you.
A giant cockroach is nearby!
You hit the giant cockroach.
You kill the giant cockroach!
No target in view!
No target in view!
j - a scroll labelled MOMIF LYECH
f - 2 smoky ruby potions (gained 1)
k - a sedimented dark potion You now have 75 gold pieces (gained 11).
Things that are here:
a +0 flail; a +0 leather armour; an orc corpse You reach down and open the door.
There is an open door here.
You reach down and open the door.
Found a leather armour.
There is an open door here.
A hobgoblin comes into view.
The hobgoblin shouts!
A hobgoblin is nearby!
The hobgoblin hits you.
There is an open door here.
You closely miss the hobgoblin. The hobgoblin hits you.
You hit the hobgoblin.
The hobgoblin is severely wounded.
The hobgoblin hits you.
You hit the hobgoblin.
The hobgoblin is almost dead.
The hobgoblin hits you.
You are too injured to fight recklessly!
You are too injured to fight recklessly!
You are too injured to fight recklessly!
You hit the hobgoblin.
You kill the hobgoblin!
You start resting.
A frilled lizard comes into view.
You reach down and close the door.
You start resting.
HP restored.
You reach down and open the door.
There is an open door here.
An adder comes into view.
The adder moves out of view.
h - 2 scrolls labelled HOAROO BOYJERR (gained 1)
An adder is nearby!
You throw a poisoned dart. The poisoned dart hits the adder.
The adder is poisoned.
You throw a poisoned dart. The poisoned dart hits the adder.
The adder looks even sicker.
The adder is lightly wounded.
The adder looks drowsy...
The helpless adder fails to defend itself.
You impale the adder!!
You kill the adder!
You have reached level 4!
You feel agile.
An adder comes into view.
An adder is nearby!
An adder is nearby!
An adder is nearby!
You throw a poisoned dart.
The poisoned dart closely misses the adder.
The adder hisses angrily.
A ball python comes into view.
You throw a poisoned dart. The poisoned dart misses the adder.
The ball python hisses angrily.
You throw a poisoned dart.
The poisoned dart closely misses the adder.
You throw a poisoned dart. The poisoned dart hits the adder.
You throw a poisoned dart.
The poisoned dart barely misses the adder.
The poisoned dart barely misses the ball python.
The adder barely misses you.
You throw a poisoned dart.
The poisoned dart closely misses the adder.
The poisoned dart barely misses the ball python.
You throw a poisoned dart.
The poisoned dart closely misses the adder.
The adder bites you.
You are poisoned.
The adder poisons you! The adder closely misses you.
Casting: Ensorcelled Hibernation (safe; 16% risk of failure)
Confirm with . or Enter, or press ? or * to list all spells.
You don't know that spell.
Casting: Ensorcelled Hibernation (safe; 16% risk of failure)
Confirm with . or Enter, or press ? or * to list all spells.
Aiming: Ensorcelled Hibernation (safe; 16% risk of failure)
Press: ? - help, Shift-Dir - straight line, f/p - adder
Aim: an adder (chance to affect: 48%)
The adder resists with some effort.
You feel sick.
The ball python bites you but does no damage.
The adder bites you. The ball python misses you.
Casting: Ensorcelled Hibernation (safe; 16% risk of failure)
Confirm with . or Enter, or press ? or * to list all spells.
Aiming: Ensorcelled Hibernation (safe; 16% risk of failure)
Press: ? - help, Shift-Dir - straight line, f/p - adder
Aim: an adder (chance to affect: 48%)
The adder looks drowsy...
You feel sick. The ball python bites you.
The helpless adder fails to defend itself.
You impale the adder!!
You kill the adder!
You feel sick.
The ball python bites you but does no damage.
You hit the ball python.
You kill the ball python!
You feel sick.
You feel sick.
You are no longer poisoned.
You see here a ball python corpse.
Magic restored.
e - a poisoned dart
e - 2 poisoned darts (gained 1)
e - 3 poisoned darts (gained 1)
e - 4 poisoned darts (gained 1)
e - 8 poisoned darts (gained 4)
Found a stone staircase leading down.
There is a stone staircase leading down here.
l - a wand of acid (3)
m - a scroll labelled KAYLOF TOZEF
Found a stone staircase leading down.
A howler monkey comes into view.
The howler monkey howls!
A howler monkey is nearby!
A howler monkey is nearby!
A howler monkey is nearby!
The howler monkey hits you.
The howler monkey looks drowsy...
The helpless howler monkey fails to defend itself.
You impale the howler monkey!!
You kill the howler monkey!
Your Short Blades skill increases to level 3!
Your Hexes skill increases to level 4!
A frilled lizard is nearby!
A frilled lizard is nearby!
A frilled lizard is nearby!
A frilled lizard is nearby!
A frilled lizard is nearby!
The frilled lizard hisses angrily.
You hit the frilled lizard but do no damage.
The frilled lizard barely misses you.
The frilled lizard looks drowsy...
The helpless frilled lizard fails to defend itself.
You impale the frilled lizard!!
You kill the frilled lizard!
No target in view!
You now have 87 gold pieces (gained 12).
n - 6 curare-tipped darts
o - a scroll labelled FUCOM LULLAEFAAB A ball python comes into view.
Found a club.
The ball python hisses angrily.
The ball python moves out of view.
A ball python is nearby!
A ball python is nearby!
A ball python is nearby!
You closely miss the ball python. The ball python bites you.
You barely miss the ball python.
The ball python bites you but does no damage.
You hit the ball python.
You kill the ball python!
You can't see any susceptible monsters within range! (Use Z to cast anyway.)
You reach down and open the door.
There is an open door here.
You see here a +0 club.
You reach down and open the door.
There is an open door here.
An endoplasm comes into view.
There is an open door here.
An endoplasm is nearby!
An endoplasm is nearby!
An endoplasm is nearby!
The endoplasm quivers.
You hit the endoplasm but do no damage.
A hobgoblin comes into view.
The endoplasm hits you.
The endoplasm resists with significant effort.
The hobgoblin shouts!
The endoplasm freezes you.
You are frozen.
You hit the endoplasm.
The endoplasm is severely wounded.
The endoplasm hits you.
You hit the endoplasm.
You kill the endoplasm!
There is an open door here.
You closely miss the hobgoblin. You hit the hobgoblin but do no damage.
The hobgoblin hits you.
You hit the hobgoblin.
The hobgoblin is heavily wounded.
The hobgoblin hits you.
You barely miss the hobgoblin.
The hobgoblin is heavily wounded.
The hobgoblin hits you.
You are too injured to fight recklessly!
You are too injured to fight recklessly!
A hobgoblin is nearby!
You are too injured to fight recklessly!
You are too injured to fight recklessly!
Casting: Ensorcelled Hibernation (safe; 14% risk of failure)
Confirm with . or Enter, or press ? or * to list all spells.
Aiming: Ensorcelled Hibernation (safe; 14% risk of failure)
Press: ? - help, Shift-Dir - straight line, f - hobgoblin
Aim: a hobgoblin (heavily wounded, chance to affect: 57%)
The hobgoblin resists with significant effort.
The hobgoblin hits you.
* * * LOW HITPOINT WARNING * * *
Casting: Ensorcelled Hibernation (safe; 14% risk of failure)
Confirm with . or Enter, or press ? or * to list all spells.
Aiming: Ensorcelled Hibernation (safe; 14% risk of failure)
Press: ? - help, Shift-Dir - straight line, f/p - hobgoblin
Aim: a hobgoblin (moderately wounded, chance to affect: 57%)
The hobgoblin resists with significant effort.
The hobgoblin barely misses you.
You barely miss the hobgoblin.
The hobgoblin is moderately wounded.
The hobgoblin hits you.
* * * LOW HITPOINT WARNING * * *
Casting: Ensorcelled Hibernation (safe; 14% risk of failure)
Confirm with . or Enter, or press ? or * to list all spells.
Aiming: Ensorcelled Hibernation (safe; 14% risk of failure)
Press: ? - help, Shift-Dir - straight line, f/p - hobgoblin
Aim: a hobgoblin (moderately wounded, chance to affect: 57%)
You miscast Ensorcelled Hibernation.
You are very lightly contaminated with residual magic.
Nothing appears to happen.
* * * LOW MAGIC WARNING * * *
The hobgoblin hits you.
* * * LOW HITPOINT WARNING * * *
Press: ? - help, Shift-Dir - straight line, f/p - hobgoblin
Aim: a hobgoblin The splash of poison hits the hobgoblin!
The hobgoblin is poisoned.
You kill the hobgoblin!
You have reached level 5!
Your magical contamination has completely faded away.
You have got your breath back.
d - 2 scrolls labelled JURPHOUXZYM (gained 1)
You now have 102 gold pieces (gained 15).
There is an open door, spattered with blood here.
Things that are here:
a +0 flail; a +0 leather armour
There is an open door, spattered with blood here.
There is an open door here.
Found a stone staircase leading up.
Found 13 stones.
p - a glowing orange potion An adder comes into view.
There is a stone staircase leading up here.
An adder is nearby!
An adder is nearby!
An adder is nearby!
The helpless adder fails to defend itself.
You impale the adder!!
You kill the adder!
You now have 105 gold pieces (gained 3).
Found a stone staircase leading up.
A bat comes into view.
A bat is nearby!
A bat is nearby!
A bat is nearby!
The helpless bat fails to defend itself.
You impale the bat!!
You kill the bat!
No target in view!
You reach down and open the door.
There is an open door here.
You reach down and open the door.
There is an open door here.
As you open the door, it creaks loudly!
There is an open door here.
A frilled lizard comes into view.
A frilled lizard is nearby!
A frilled lizard is nearby!
A frilled lizard is nearby!
A frilled lizard is nearby!
The frilled lizard hisses angrily.
The frilled lizard barely misses you. The frilled lizard closely misses you.
You hit the frilled lizard.
You kill the frilled lizard!
No target in view!
No target in view!
No target in view!
There is an open door here.
There is an open door, spattered with blood here.
There is an open door here.
There is an open door here.
You reach down and open the door.
There is an open door here.
Done exploring.
Done exploring.
Done exploring.
Done exploring.
Done exploring.
(D) Dungeon
Where to? (Enter - D:3, ? - help)
There is a stone staircase leading down here.
You fly downwards.
Found 20 gold pieces.
There is a stone staircase leading up here.
An endoplasm is nearby!
The endoplasm jiggles.
The endoplasm hits you.
You hit the endoplasm.
The endoplasm is moderately wounded.
The endoplasm hits you but does no damage.
You hit the endoplasm.
The endoplasm is heavily wounded.
The endoplasm hits you but does no damage.
You hit the endoplasm.
The endoplasm is severely wounded.
The endoplasm freezes you.
You are frozen.
You hit the endoplasm.
The endoplasm is almost dead.
The endoplasm freezes you.
You are frozen.
You hit the endoplasm.
You kill the endoplasm!
No target in view!
HP restored.
There is a stone staircase leading up here.
You now have 112 gold pieces (gained 7).
There is a stone staircase leading up here.
Found a leather armour.
You now have 125 gold pieces (gained 13).
A ball python comes into view.
A ball python is nearby!
A ball python is nearby!
The helpless ball python fails to defend itself.
You impale the ball python!!
You kill the ball python!
No target in view!
A black bear comes into view.
A black bear is nearby!
A black bear is nearby!
A black bear is nearby!
The black bear closely misses you. The black bear barely misses you. x2
Casting: Ensorcelled Hibernation (safe; 13% risk of failure)
Confirm with . or Enter, or press ? or * to list all spells.
Aiming: Ensorcelled Hibernation (safe; 13% risk of failure)
Press: ? - help, Shift-Dir - straight line, f - black bear
Aim: a black bear (chance to affect: 39%)
The black bear resists with some effort.
The black bear bites you. The black bear barely misses you.
The black bear claws you.
Casting: Ensorcelled Hibernation (safe; 13% risk of failure)
Confirm with . or Enter, or press ? or * to list all spells.
Aiming: Ensorcelled Hibernation (safe; 13% risk of failure)
Press: ? - help, Shift-Dir - straight line, f/p - black bear
Aim: a black bear (chance to affect: 39%)
The black bear resists with some effort.
The black bear bites you. The black bear claws you.
The black bear barely misses you.
Casting: Ensorcelled Hibernation (safe; 13% risk of failure)
Confirm with . or Enter, or press ? or * to list all spells.
Aiming: Ensorcelled Hibernation (safe; 13% risk of failure)
Press: ? - help, Shift-Dir - straight line, f/p - black bear
Aim: a black bear (chance to affect: 39%)
The black bear resists with some effort.
The black bear bites you. The black bear closely misses you.
The black bear claws you.
Casting: Ensorcelled Hibernation (safe; 13% risk of failure)
Confirm with . or Enter, or press ? or * to list all spells.
Aiming: Ensorcelled Hibernation (safe; 13% risk of failure)
Press: ? - help, Shift-Dir - straight line, f/p - black bear
Aim: a black bear (chance to affect: 39%)
The black bear resists with some effort.
* * * LOW MAGIC WARNING * * *
The black bear barely misses you. The black bear claws you. x2
* * * LOW HITPOINT WARNING * * *
Okay, then.
You fade into invisibility!
The black bear bites you.
* * * LOW HITPOINT WARNING * * *
The black bear closely misses you. x2
You are very lightly contaminated with residual magic.
It was a potion of attraction.
You feel attractive to monsters. The black bear bites you.
* * * LOW HITPOINT WARNING * * *
The black bear claws you.
* * * LOW HITPOINT WARNING * * *
The black bear closely misses you.
It was a potion of berserk rage.
A red film seems to cover your vision as you go berserk!
You feel yourself moving faster!
You feel mighty! The black bear bites you.
* * * LOW HITPOINT WARNING * * *
The black bear claws you but does no damage.
The black bear claws you.
* * * LOW HITPOINT WARNING * * *
You puncture the black bear!
The black bear is moderately wounded.
You puncture the black bear!
The black bear is severely wounded.
The black bear bites you!
You die...

#. ##...## ##.##
##.## ##... #.# ....
#.# ... #.# #.#
########.#
###.###.###........#
..............######
##.###@###...# #h#
##### #.# #.# #.#
#.# #.. ..#


You could see a black bear.

Vanquished Creatures
  A howler monkey (D:3)
  4 adders
  A dart slug (D:1)
  An orc (D:3)
  6 ball pythons
  3 endoplasms
  5 giant cockroaches
  2 goblins
  5 hobgoblins
  5 kobolds
  7 bats
  4 frilled lizards
  6 rats
50 creatures vanquished.

Notes
Turn   | Place    | Note
-------+----------+-------------------------------------------
     0 | D:1      | sleeves the Naga Enchanter began the quest for the Orb.
     0 | D:1      | Reached XP level 1. HP: 15/15 MP: 3/3
   266 | D:1      | Reached XP level 2. HP: 22/22 MP: 5/5
   391 | D:1      | Reached skill level 5 in Stealth
   438 | D:1      | HP: 10/22 [ball python (2)]
   440 | D:1      | HP: 3/22 [ball python (2)]
   868 | D:1      | Learned a level 2 spell: Ensorcelled Hibernation
  1050 | D:1      | Reached skill level 2 in Short Blades
  1163 | D:1      | Found a faded altar of an unknown god.
  1451 | D:2      | Reached XP level 3. HP: 28/28 MP: 6/6
  1824 | D:2      | HP: 14/28 [adder (3)]
  1828 | D:2      | HP: 6/28 [adder (2)]
  1831 | D:2      | HP: 2/28 [adder (1)]
  2163 | D:2      | Found a burning altar of Makhleb.
  2772 | D:3      | Reached XP level 4. HP: 36/36 MP: 4/7
  2981 | D:3      | Reached skill level 3 in Short Blades
  2981 | D:3      | Reached skill level 4 in Hexes
  3145 | D:3      | HP: 17/36 [hobgoblin (5)]
  3150 | D:3      | Reached XP level 5. HP: 18/42 MP: 0/8
  3763 | D:4      | Noticed a black bear
  3768 | D:4      | HP: 19/42 [black bear (3)]
  3770 | D:4      | HP: 7/42 [black bear (3)]
  3771 | D:4      | HP: 2/63 [black bear (3)]
  3773 | D:4      | Mangled by a black bear

Illustrated notes

Levels and vault maps discovered:
D:1:      nicolae_arrival_washed_ashore, layout_rooms,
          shapermc_ecumenical_altar_mp_vishouse
D:2:      layout_loops_ring, basic_altar
D:3:      layout_basic, minmay_quadrilaterals
D:4:      layout_loops_corners, lemuel_tele_altar, serial_shops, shop,
          uniq_duvessa

Skill      XL: |  1  2  3  4 |
---------------+-------------+-----
Stealth        | 5 |  5.1
Short Blades   | 2 3 |  3.3
Hexes          | 4 |  4.2
Dodging        | |  1.5
Spellcasting   | |  2.0

Action                   |  1- 3 |  4- 6 || total
-------------------------+-------+-------++-------
Melee: Dagger            |   121 |    27 ||   148
Throw: Dart              |     9 |     7 ||    16
 Cast: Ensorcelled Hiber |     3 |    11 ||    14
 Abil: Spit Poison       |     3 |     1 ||     4
  Use: Potion            |       |     3 ||     3
 Stab: Sleeping          |    13 |     6 ||    19
Armor: Robe              |    35 |     6 ||    41
Dodge: Dodged            |    66 |    17 ||    83

Table legend: (Time is in decaauts)
 A = Elapsed time spent in this place.
 B = Non-inter-level travel time spent in this place.
 C = Inter-level travel time spent in this place.
 D = Time resting spent in this place.
 E = Time spent auto-exploring this place.
 F = Levels seen in this place.
 G = Mean time per level.
                   A        B        C        D        E       F      G
               +--------+--------+--------+--------+--------+-----+--------+
         Total |   4483 |   4419 |     64 |    423 |   3438 |   4 | 1120.8 |
       Dungeon |   4483 |   4419 |     64 |    423 |   3438 |   4 | 1120.8 |
               +--------+--------+--------+--------+--------+-----+--------+

Top non-repeatable levels by time:
     D:1: 1561 daAuts
     D:2: 1444 daAuts
     D:3: 1336 daAuts
     D:4: 141 daAuts
